 Dungeon Crawl Stone Soup version 0.20.1-1-g8b1a95d (webtiles) character file.

104 vatarom the Gusty (level 4, 0/36 HPs)
             Began as a Draconian Air Elementalist on Oct 13, 2017.
             Slain by an ice beast (12 damage)
             ... on level 3 of the Dungeon.
             The game lasted 00:03:51 (1367 turns).

vatarom the Gusty (Draconian Air Elementalist)      Turns: 1367, Time: 00:03:52

Health: 0/36       AC:  5    Str: 10    XL:     4   Next: 52%
Magic:  4/7        EV: 12    Int: 16    God:
Gold:   102        SH:  0    Dex: 12    Spells: 2/8 levels left

rFire    . . .     SeeInvis .   l - +0 hunting sling (freeze)
rCold    . . .     Gourm    .   (no shield)
rNeg     . . .     Faith    .   (armour unavailable)
rPois    .         Spirit   .   (helmet restricted)
rElec    .         Reflect  .   (no cloak)
rCorr    .         Harm     .   (no gloves)
MR       .....                  (no boots)
Stlth    ++........             (no amulet)
Regen    0.2/turn               (no ring)
MPRegen  0.1/turn               (no ring)

@: slowed, very slow
A: unfitting armour, cold-blooded, AC +5
a: no special abilities


You were on level 3 of the Dungeon.
You were hungry.

You visited 1 branch of the dungeon, and saw 3 of its levels.

You collected 102 gold pieces.

Inventory:

Hand Weapons
 l - a +0 hunting sling of freezing (weapon)
Missiles
 m - 9 stones (quivered)
Scrolls
 e - a scroll of blinking
 n - 2 scrolls of fog
Potions
 c - a potion of berserk rage
 h - 4 potions of curing
Books
 a - a book of Air

   Spells                             Type                      Level
   a - Shock                          Conjuration/Air              1
   b - Swiftness                      Charms/Air                   2
   c - Static Discharge               Conjuration/Air              3
   d - Airstrike                      Air                          4
   e - Lightning Bolt                 Conjuration/Air              5
Comestibles
 b - 2 bread rations
 f - 2 meat rations
 i - 4 fruits


   Skills:
 + Level 1.6 Fighting
 - Level 1.7 Dodging
 - Level 1.7 Stealth
 + Level 2.5 Spellcasting
 * Level 2.4 Conjurations
 + Level 4.0 Air Magic


You had 2 spell levels left.
You knew the following spells:

 Your Spells              Type           Power        Failure   Level  Hunger
a - Shock                 Conj/Air       ##..         5%          1    #......
b - Swiftness             Chrm/Air       #.......     13%         2    ##.....
c - Static Discharge      Conj/Air       ##......     16%         3    ###....


Dungeon Overview and Level Annotations

Branches:
Dungeon (3/15)

Altars:
The Shining One


Innate Abilities, Weirdness & Mutations

Your plain brown scales are hard. (AC +5)
You cannot fit into any form of body armour.
You are cold-blooded and may be slowed by cold attacks.


Message History

Firing (i - inventory):
m - 11 stones (quivered)
Press: ? - help, Shift-Dir - straight line, f/p - ice beast
Aim: an ice beast (lightly wounded)
You shoot a stone. The stone hits the ice beast.
The ice beast is lightly wounded.
The ice beast misses you.
Firing (i - inventory):
m - 10 stones (quivered)
Press: ? - help, Shift-Dir - straight line, f/p - ice beast
Aim: an ice beast (lightly wounded)
You shoot a stone. The stone hits the ice beast.
The ice beast is moderately wounded.
The ice beast hits you. The ice beast freezes you!
The ice beast hits you but does no damage.
Casting: Shock
Confirm with . or Enter, or press ? or * to list all spells.
The ice beast is struck by lightning.
The ice beast is heavily wounded.
The lightning grounds out.
The ice beast hits you. The ice beast freezes you!
You feel yourself slow down.
You die...

# ######## (#. #......#
#... # #......# #(...
..#......#######(....
...............(..#
..................#
.............@Y..##
#..............## ..
.................#
.#.....#............###
...### ###............(
...# ###...)).....(.
<#.# #....##.##......
.#.## #.......# #.....
...)#####.......## .


You could see an ice beast.

Vanquished Creatures
  An orc priest (D:3)
  Jessica (D:3)
  An adder (D:3)
  A worm (D:3)
  A dart slug (D:2)
  A leopard gecko (D:2)
  3 orcs (D:3)
  4 giant cockroaches
  3 goblins
  4 hobgoblins
  3 kobolds
  4 bats
  A frilled lizard (D:2)
  5 rats
33 creatures vanquished.

Notes
Turn   | Place    | Note
-------+----------+-------------------------------------------
     0 | D:1      | vatarom the Draconian Air Elementalist began the quest for the Orb.
     0 | D:1      | Reached XP level 1. HP: 14/14 MP: 3/3
   310 | D:1      | Reached XP level 2. HP: 16/20 MP: 3/5
   314 | D:1      | Learned a level 2 spell: Swiftness
   705 | D:2      | Found a glowing golden altar of the Shining One.
  1082 | D:3      | Reached XP level 3. HP: 27/27 MP: 4/6
  1103 | D:3      | Noticed Jessica
  1106 | D:3      | Killed Jessica
  1106 | D:3      | Reached skill level 1 in Fighting
  1146 | D:3      | Reached skill level 4 in Air Magic
  1146 | D:3      | Reached XP level 4. HP: 20/35 MP: 7/7
  1298 | D:3      | Learned a level 3 spell: Static Discharge
  1358 | D:3      | Noticed an ice beast
  1367 | D:3      | Slain by an ice beast

Skill      XL: |  1  2  3 |
---------------+----------+-----
Fighting       | 1 |  1.6
Conjurations   | 2 |  2.4
Air Magic      | 4 |  4.0
Dodging        | |  1.7
Stealth        | |  1.7
Spellcasting   | |  2.5

Action                   |  1- 3 |  4- 6 || total
-------------------------+-------+-------++-------
Melee: Unarmed           |    30 |       ||    30
       Tailslap          |     5 |       ||     5
 Fire: Hunting sling     |    23 |    33 ||    56
 Cast: Shock             |    27 |     7 ||    34
       Static Discharge  |       |     1 ||     1
  Use: Scroll            |     5 |     1 ||     6
       Potion            |     2 |       ||     2
 Stab: Sleeping          |     1 |       ||     1
  Eat: Chunk             |     1 |       ||     1
Armor: Skin              |    15 |     6 ||    21
Dodge: Dodged            |    25 |    17 ||    42
